 Dungeon Crawl Stone Soup version 0.18.1-8-gdd0e5ea (webtiles) character file.

89 Gargoyl the Skirmisher (level 4, -1/35 HPs)
             Began as a Demonspawn Abyssal Knight on May 26, 2016.
             Was a Believer of Lugonu.
             Slain by a gnoll
             ... wielding a +0 whip
              (8 damage)
             ... on level 2 of the Dungeon.
             The game lasted 00:03:56 (2607 turns).

Gargoyl the Skirmisher (Demonspawn Abyssal Knight)  Turns: 2607, Time: 00:03:56

Health: -1/35      AC:  6    Str: 13    XL:     4   Next: 31%
Magic:  5/5        EV:  9    Int: 14    God:    Lugonu [**....]
Gold:   182        SH:  0    Dex: 12    Spells: 0 memorised, 3 levels left

rFire  + . .     SeeInvis +     a - +1 hand axe
rCold  . . .     Gourm    .     h - +0 scale mail
rNeg   . . .     Faith    .     (no shield)
rPois  .         Spirit   .     (no helmet)
rElec  .         Dismiss  .     (no cloak)
rCorr  .         Reflect  .     (no gloves)
SustAt .         Harm     .     (no boots)
MR     .....                    (no amulet)
Stlth  ..........               r - ring of see invisible
                                e - ring of fire

@: not resistant to hostile enchantments, extremely unstealthy
A: cold resistance 1
a: Depart the Abyss, Bend Space, Renounce Religion


You were on level 2 of the Dungeon.
You worshipped Lugonu.
Lugonu was pleased with you.
You were hungry.

You visited 1 branch of the dungeon, and saw 3 of its levels.
You visited the Abyss 1 time.

You collected 182 gold pieces.

Inventory:

Hand Weapons
 a - a +1 hand axe (weapon)
Armour
 h - a +0 scale mail (worn)
Jewellery
 e - a ring of fire (left hand)
 r - a ring of see invisible (right hand)
Scrolls
 f - a scroll of enchant armour {unknown}
 i - 4 scrolls of remove curse {unknown}
 j - 3 scrolls of teleportation {unknown}
 m - a scroll of identify {unknown}
 q - a scroll of noise {unknown}
 s - a scroll of random uselessness {unknown}
 t - a scroll of magic mapping {unknown}
 v - a scroll of amnesia {unknown}
Potions
 b - a potion of degeneration {unknown}
 d - 2 potions of mutation {unknown}
 l - a potion of might {unknown}
 n - a potion of heal wounds {unknown}
 p - a potion of flight {unknown}
Miscellaneous
 g - a plain deck of summoning
Comestibles
 c - 2 bread rations
 k - a beef jerky
 o - 2 meat rations
 u - a slice of pizza


   Skills:
 + Level 3.5 Fighting
 + Level 2.1 Axes
 * Level 3.0 Armour
 + Level 1.6 Dodging
 + Level 0.6 Stealth
 + Level 2.6 Invocations


You had 3 spell levels left.
You didn't know any spells.

Dungeon Overview and Level Annotations

Branches:
Dungeon (3/15)

Altars:
Gozag
Okawaru
Trog


Innate Abilities, Weirdness & Mutations

Your flesh is cold resistant.


Message History

The gnoll barely misses you. The gnoll closely misses you.
A quokka comes into view.
The gnoll closely misses you.
You see here 19 arrows.
You see here 18 gold pieces.
The gnoll hits you with a whip.
There is a stone staircase leading up here.
The gnoll hits you with a whip.
You climb upwards.
There is a stone staircase leading down here.
You closely miss the gnoll. The gnoll hits you with a whip.
* * * LOW HITPOINT WARNING * * *
You hit the gnoll.
The gnoll is moderately wounded.
The gnoll hits you with a whip.
* * * LOW HITPOINT WARNING * * *
You closely miss the gnoll.
The gnoll is moderately wounded.
The gnoll hits you with a whip!
You die...

###........##.##.# ##......#
########.##..#.# ######.#
#.##..#.# #.# ##### #.##....# #.#
....# #.##.#..# #.# ###.#
#....#..# #.# ..#.#
#######)#########.#
.##.############.#......##.#
.##.#.......(..g@#......##.#
.##.#..........###......##.#
.##.#.)........# #......##.#
.##)############ ###.....#.#
.##.# #_###8## #.....#.#
.##.#####8...8...8##†<...#.######
.##....##.........##.)..##.......
.##.##.#8.........>#.....#..#####
....#####.........##....##..#....


You could see a gnoll.

Vanquished Creatures
  3 adders (D:2)
  An ooze (D:2)
  A dart slug (D:2)
  2 giant geckos (D:2)
  4 giant cockroaches
  9 goblins
  4 hobgoblins
  5 jackals (D:2)
  5 bats
  A giant gecko skeleton (D:3)
  2 giant newts
  9 kobolds
  5 rats
51 creatures vanquished.

Vanquished Creatures (others)
  A lurking horror (Abyss:3)
1 creature vanquished.

Grand Total: 52 creatures vanquished

Notes
Turn   | Place    | Note
--------------------------------------------------------------
     0 | Abyss:1  | Gargoyl the Demonspawn Abyssal Knight began the quest for the Orb.
     0 | Abyss:1  | Reached XP level 1. HP: 18/18 MP: 2/2
    35 | Abyss:1  | Noticed a great orb of eyes
    58 | Abyss:3  | Found a corrupted altar of Lugonu.
   126 | Abyss:3  | Noticed a raiju
   126 | D:1      | Escaped the Abyss
   400 | D:1      | Reached * piety under Lugonu
   612 | D:1      | Gained mutation: Your flesh is cold resistant. [demonic ancestry]
   612 | D:1      | Reached XP level 2. HP: 24/24 MP: 3/3
   614 | D:1      | Reached skill level 1 in Dodging
  1188 | D:2      | Reached XP level 3. HP: 17/29 MP: 4/4
  1632 | D:2      | Found a faded altar to an unknown god.
  1911 | D:2      | Reached XP level 4. HP: 29/35 MP: 5/5
  1976 | D:2      | Found an iron altar of Okawaru.
  2087 | D:2      | Found an opulent altar of Gozag.
  2089 | D:2      | Found a bloodstained altar of Trog.
  2167 | D:2      | Reached ** piety under Lugonu
  2607 | D:2      | Slain by a gnoll

Skill      XL: |  1  2  3  4 |
---------------+-------------+-----
Armour         | 2 3 |  3.0
Dodging        | 1 |  1.6
Axes           | 2 |  2.1
Fighting       | |  3.5
Stealth        | |  0.6
Invocations    | |  2.6

Action                   |  1- 3 |  4- 6 || total
-------------------------+-------+-------++-------
Melee: Hand axe          |   105 |    52 ||   157
Invok: Depart the Abyss  |     1 |       ||     1
  Eat: Chunk             |     3 |     2 ||     5
Armor: Scale mail        |    59 |    20 ||    79
Dodge: Dodged            |    72 |    26 ||    98
